 Dungeon Crawl Stone Soup version 0.27-a0-1065-ge809cff456 (webtiles) character file.

Game seed: 650836358423586377

9416 funkygono the Thaumaturge (level 11, -15/71 HPs)
             Began as a Djinni Fire Elementalist on Apr 23, 2021.
             Was a High Priest of Elyvilon.
             Demolished by a freezing wraith (28 damage)
             ... led by a death knight
             ... on level 11 of the Dungeon.
             The game lasted 00:28:32 (14364 turns).

funkygono the Thaumaturge (DjFE)                   Turns: 14364, Time: 00:28:34

Health: -15/71     AC: 14    Str:  8    XL:     11   Next: 46%
Gold:   572        EV: 16    Int: 18    God:    Elyvilon [*****.] SH:  9 Dex: 15

rFire    + + .     SeeInvis +   I - +1 falchion (holy)
rCold    x . .     Faith    .   A - +1 kite shield {AC+3}
rNeg     . . .     Spirit   .   B - +1 steam dragon scales
rPois    ∞         Reflect  .   J - +0 helmet
rElec    .         Harm     .   F - +2 cloak
rCorr    .         Rampage  .   d - +0 pair of gloves
Will     +....                  (boots unavailable)
Stlth    +++.......             (no amulet)
HPRegen  0.21/turn              p - ring "Ariocin" {EV+4 SInv}
MPRegen  0.00/turn              j - ring of wizardry

@: flying, slowed, very slow
A: fire resistance 2, cold vulnerability 1, float, innate caster, hp casting,
extra vitality 1
a: Renounce Religion, Lesser Healing, Heal Other, Purification, Greater Healing,
Divine Vigour, Divine Protection


You were on level 11 of the Dungeon.
You worshipped Elyvilon.
Elyvilon was extremely pleased with you.
You visited 1 branch of the dungeon, and saw 11 of its levels.
You also visited: Bailey.

You collected 572 gold pieces.

Inventory:

Hand Weapons
 u - a +0 scimitar of venom
 C - the +5 short sword of Light {flame, rF+ Dex+2}
   (You found it in a bailey)

   It has been specially enchanted to burn those struck by it, causing extra
   injury to most foes and up to half again as much damage against particularly
   susceptible opponents.
   It affects your dexterity (+2).
   It protects you from fire.
 I - a +1 falchion of holy wrath (weapon)
Missiles
 i - 225 stones
 G - 2 curare-tipped darts
Armour
 a - a +1 robe
 d - a +0 pair of gloves (worn)
 o - a +0 leather armour of cold resistance
 t - a +3 chain mail
 A - a +1 kite shield of protection (worn)
 B - +1 steam dragon scales (worn)
 F - a +2 cloak (worn)
 H - the +1 robe of Action {Str+4 Dex+6}
   (You found it on level 8 of the Dungeon)

   It affects your strength (+4).
   It affects your dexterity (+6).
 J - a +0 helmet (worn)
Magical Staves
 f - a staff of poison
Jewellery
 b - a ring of protection from cold
 j - a ring of wizardry (right hand)
 p - the ring "Ariocin" (left hand) {EV+4 SInv}
   (You acquired it on level 5 of the Dungeon)

   [ring of evasion]

   It affects your evasion (+4).
   It lets you see invisible.
 N - the ring of the Tortoise {AC+8}
   (You found it on level 10 of the Dungeon)

   [ring of protection]

   It affects your AC (+8).
Wands
 k - a wand of flame (15)
 r - a wand of acid (17)
 D - a wand of mindburst (16)
 L - a wand of paralysis (10)
Scrolls
 n - a scroll of brand weapon
 v - 3 scrolls of teleportation
 y - a scroll of fog
 K - 2 scrolls of noise {unknown}
Potions
 c - 3 potions of curing
 e - a potion of berserk rage {unknown}
 g - 3 potions of resistance
 h - 2 potions of brilliance
 l - 2 potions of heal wounds
 m - 3 potions of cancellation
 q - 2 potions of ambrosia {unknown}
 s - 2 potions of haste
 w - 2 potions of mutation
 x - a potion of flight {unknown}
 z - a potion of invisibility {unknown}
 E - a potion of might {unknown}
 O - a potion of lignification {unknown}


   Skills:
 + Level 3.5 Fighting
 + Level 3.4 Long Blades
 + Level 4.9 Dodging
 + Level 4.8 Stealth
 + Level 3.9 Shields
 + Level 12.3 Spellcasting
 * Level 2.3 Invocations


You had 6 spell levels left.
You knew the following spells:

 Your Spells              Type           Power      Damage    Failure   Level
a - Foxfire               Conj/Fire      100%       2x1d9     1%          1
b - Conjure Flame         Conj/Fire      53%        6-21      1%          3
c - Inner Flame           Hex/Fire       53%        N/A       1%          3
d - Sticky Flame          Conj/Fire      53%        2d7       1%          4
e - Fireball              Conj/Fire      26%        3d12      1%          5
f - Sandblast             Erth           100%       2d20      1%          1
g - Ensorcelled Hibernat  Hex/Ice        100%       N/A       1%          2
h - Static Discharge      Conj/Air       53%        N/A       1%          2
i - Ignite Poison         Fire/Tmut/Pois 53%        N/A       1%          3
j - Cause Fear            Hex            26%        N/A       1%          4
Your spell library was empty.

Dungeon Overview and Level Annotations

Branches:
Dungeon (11/15)            Temple (0/1) D:7          Bailey (visited)
   Lair: D:8-11         Orc: D:9-12

Altars:
Ashenzari
Elyvilon
Fedhas
Gozag
Hepliaklqana
Uskayaw
Yredelemnul

Shops:
D:5 (


Innate Abilities, Weirdness & Mutations

You are immune to poison.
Your flesh is very heat resistant. (rF++)
You are vulnerable to cold. (rC-)
You float through the air rather than walking.
You learn spells naturally, not from books.
Your magical power is your life essence.
You have superior vitality. (+4 HP)


Message History

You are healed.
The freezing wraith misses you.
You riposte.
You hit the freezing wraith but do no damage.
The freezing wraith is heavily damaged.
The freezing wraith hits you!
* * * LOW HITPOINT WARNING * * *
The freezing wraith drains your vigour!
You feel yourself slow down. You block the freezing wraith's attack.
The freezing wraith closely misses you.
You are healed.
You block the freezing wraith's attack. x2
The freezing wraith barely misses you. You block the freezing wraith's attack.
Casting: Sticky Flame (mildly dangerous; 1% risk of failure)
Confirm with . or Enter, or press ? or * to list all spells.
Aiming: Sticky Flame (mildly dangerous; 1% risk of failure)
Press: ? - help, Shift-Dir - straight line, f/p - freezing wraith
Aim: a freezing wraith (heavily damaged, 100% to hit)
The sticky flame hits the freezing wraith but does no damage.
The freezing wraith is heavily damaged.
* * * LOW HITPOINT WARNING * * *
The freezing wraith hits you but does no damage.
You block the freezing wraith's attack. The freezing wraith closely misses you.
You riposte.
You hit the freezing wraith but do no damage.
The freezing wraith is heavily damaged.
You block the freezing wraith's attack.
Casting: Sticky Flame (mildly dangerous; 1% risk of failure)
Confirm with . or Enter, or press ? or * to list all spells.
You conjure some foxfire!
* * * LOW HITPOINT WARNING * * *
You feel yourself speed up.
The freezing wraith hits you but does no damage.
The freezing wraith hits you.
* * * LOW HITPOINT WARNING * * *
The freezing wraith drains your vigour!
You feel yourself slow down.
The foxfire hits the freezing wraith.
The freezing wraith is burned terribly!
The freezing wraith is heavily damaged.
The foxfire hits the freezing wraith but does no damage.
The freezing wraith is heavily damaged.
The freezing wraith hits you! Elyvilon protects you from harm!
The freezing wraith freezes you!!
You feel a terrible chill!
You die...

### ######## ###############..##
#####......## #....##...........#
>...........# #....##........P...
........<...###....##........PP
.###.#####..#.......#......#...P.
.#......#..>........)............
.#.#.##.#...#.#.@W....#######....
.#.#.##.#...#.#.###.#.# #... .#
#.##.#...#.#.# #.#.# ##.
.#.#....#.......# #.#.# #
.#......'.....#####.#.#
.####...###.#.....#.#.# .# #...#
#.#...[.#.#.# .# #...#
#.......+.. .# ##### ##......#


You could see a freezing wraith.

Vanquished Creatures
  A boulder beetle (D:9)
  2 two-headed ogres
  2 orc knights (Bailey)
  An oklob plant (D:9)
  2 hornets
  7 yaks (D:10)
  A wyvern (D:8)
  2 steam dragons
  An acid dragon (D:6)
  2 water moccasins (D:8)
  An ice beast (D:7)
  A hornet zombie (D:9)
  9 orc warriors
  3 necrophages
  3 ogres
  A black bear (D:7)
  2 centaurs
  2 phantoms
  2 bullfrogs
  4 kobold brigands
  A gnoll sergeant (D:10)
  A scorpion (D:5)
  A water moccasin zombie (D:6)
  A wyvern skeleton (D:7)
  A water moccasin skeleton (D:4)
  3 killer bees (D:10)
  8 wights
  3 electric eels
  A centaur zombie (D:6)
  2 hounds
  3 jellies
  A gnoll shaman (D:9)
  A bullfrog skeleton (D:6)
  Jessica (D:3)
  2 centaur skeletons
  Ijyb (D:3)
  10 orc wizards
  3 iguanas
  A killer bee zombie (D:7)
  A howler monkey skeleton (D:6)
  7 gnolls
  5 adders
  An adder skeleton (D:4)
  A worm (D:2)
  41 orcs
  3 ball pythons
  6 endoplasms
  A giant cockroach (D:3)
  4 goblins (D:8)
  7 hobgoblins
  10 jackals
  2 quokkas
  4 bats
  3 frilled lizards
  14 kobolds
  2 rats
  4 bushes (D:9)
210 creatures vanquished.

Vanquished Creatures (collateral kills)
  4 foxfires (D:11)
4 creatures vanquished.

Vanquished Creatures (others)
  738 foxfires
  8 fungi (D:9)
  41 plants (D:9)
787 creatures vanquished.

Grand Total: 1001 creatures vanquished

Notes
Turn   | Place    | Note
-------+----------+-------------------------------------------
     0 | D:1      | funkygono the Djinni Fire Elementalist began the quest for
                  | the Orb.
     0 | D:1      | Reached XP level 1. HP: 15/15 MP: 0/0
   491 | D:1      | Reached skill level 3 in Spellcasting
   491 | D:1      | Reached XP level 2. HP: 18/21 MP: 0/0
  1278 | D:2      | Reached XP level 3. HP: 21/25 MP: 0/0
  1278 | D:2      | Learned a level 1 spell: Sandblast
  2124 | D:3      | Reached XP level 4. HP: 24/31 MP: 0/0
  2252 | D:3      | Noticed Ijyb
  2268 | D:3      | Killed Ijyb
  2269 | D:3      | Reached skill level 4 in Spellcasting
  2897 | D:3      | Found a faded altar of an unknown god.
  3158 | D:3      | Reached XP level 5. HP: 17/35 MP: 0/0
  3158 | D:3      | Learned a level 2 spell: Ensorcelled Hibernation
  3346 | D:3      | Noticed Jessica
  3351 | D:3      | Killed Jessica
  3456 | D:4      | Noticed a necrophage
  3506 | D:3      | Killed a necrophage
  3507 | D:3      | Reached skill level 5 in Spellcasting
  3507 | D:3      | Reached XP level 6. HP: 27/40 MP: 0/0
  4050 | D:4      | Reached XP level 7. HP: 19/46 MP: 0/0
  4050 | D:4      | Learned a level 2 spell: Static Discharge
  4343 | D:4      | Reached skill level 6 in Spellcasting
  4809 | D:5      | Entered Level 5 of the Dungeon
  5142 | D:5      | Reached skill level 1 in Fighting
  5142 | D:5      | Reached XP level 8. HP: 47/52 MP: 0/0
  5269 | D:5      | Reached skill level 7 in Spellcasting
  5381 | D:5      | Found Idinn's Weapon Shop.
  5581 | D:5      | Found an opulent altar of Gozag.
  5581 | D:5      | Found a basalt altar of Yredelemnul.
  5589 | D:5      | Found a white marble altar of Elyvilon.
  5591 | D:5      | Found a hazy altar of Hepliaklqana.
  5593 | D:5      | Found a faded altar of an unknown god.
  5617 | D:5      | Became a worshipper of Elyvilon the Healer
  5674 | D:5      | Identified a scroll of acquirement
  5674 | D:5      | Acquired the ring "Ariocin" {EV+4 SInv}
  6323 | D:6      | Reached * piety under Elyvilon
  6367 | D:6      | Reached skill level 8 in Spellcasting
  7187 | D:7      | Found a hide-covered altar of Uskayaw.
  7206 | D:7      | Reached XP level 9. HP: 31/58 MP: 0/0
  7206 | D:7      | Learned a level 3 spell: Ignite Poison
  7482 | D:7      | Reached skill level 9 in Spellcasting
  7513 | D:7      | Found a staircase to the Ecumenical Temple.
  7683 | D:7      | Reached ** piety under Elyvilon
  7905 | D:7      | Reached skill level 1 in Long Blades
  8459 | D:8      | Found a flagged portal.
  8540 | Bailey   | Entered a bailey
  8904 | Bailey   | Noticed an orc knight
  8904 | Bailey   | Noticed an orc knight
  8911 | Bailey   | Reached skill level 10 in Spellcasting
  8912 | Bailey   | Killed an orc knight
  8912 | Bailey   | Killed an orc knight
  8913 | Bailey   | Reached XP level 10. HP: 33/65 MP: 0/0
  9087 | Bailey   | Identified the +5 short sword of Light {flame, rF+ Dex+2}
  9421 | D:8      | Reached skill level 1 in Shields
  9510 | D:8      | Reached skill level 11 in Spellcasting
  9666 | D:8      | Reached *** piety under Elyvilon
 10017 | D:8      | Identified the +1 robe of Action {Str+4 Dex+6}
 10049 | D:8      | Found a broken altar of Ashenzari.
 10874 | D:9      | Noticed a two-headed ogre
 10883 | D:9      | Killed a two-headed ogre
 11601 | D:9      | Noticed a boulder beetle
 11639 | D:9      | Killed a boulder beetle
 11640 | D:9      | Reached XP level 11. HP: 29/71 MP: 0/0
 11640 | D:9      | Learned a level 4 spell: Cause Fear
 11641 | D:9      | Found a blossoming altar of Fedhas.
 11642 | D:9      | Reached **** piety under Elyvilon
 11774 | D:9      | Noticed an oklob plant
 11824 | D:9      | Killed an oklob plant
 12551 | D:10     | Entered Level 10 of the Dungeon
 12715 | D:10     | Reached skill level 12 in Spellcasting
 12715 | D:10     | Reached skill level 1 in Invocations
 13921 | D:10     | Found the ring of the Tortoise {AC+8}
 13974 | D:10     | Reached ***** piety under Elyvilon
 14282 | D:11     | Noticed a two-headed ogre
 14288 | D:11     | Killed a two-headed ogre
 14354 | D:11     | Elyvilon protects you from harm!
 14364 | D:11     | Elyvilon protects you from harm!
 14364 | D:11     | Demolished by a freezing wraith

Illustrated notes

Levels and vault maps discovered:
D:1:      heliophobic_arrival_henge, layout_loops_ring
D:2:      layout_loops_ring, chequers_serial_rivers_micro_e
D:3:      layout_loops_ring, chequers_ecumenical_altar_simple, uniq_jessica,
          uniq_ijyb
D:4:      layout_rooms, nicolae_overflow_hidden_temple,
          grunt_decor_mini_mirrors, chequers_serial_rivers_micro_e
D:5:      layout_loops_ring, chequers_temple_overflow_minitemple, serial_shops,
          nicolae_shop_behind_doors
D:6:      layout_basic, serial_glass, glass_columns_a, glass_columns_a,
          minmay_strange_pillars, minmay_misc_feat_secret_circle, minivault_14
D:7:      layout_loops_ring, amcnicky_altar_gilded,
          minmay_temple_entry_statues_fountains
D:8:      layout_basic, old_standard_altar, enter_bailey_5
D:9:      layout_loops_corners, tgw_fedhas, kennysheep_minor_cross
D:10:     layout_stronghold, lightli_orcish_oven
D:11:     layout_basic, dpeg_oklobed_lair, erik_orc_4, serial_park_tiny_2,
          serial_bayou_pond_e, demons_altar, uniq_josephine

Skill      XL: |  1  2  3  4  5  6  7  8  9 10 11 |
---------------+----------------------------------+-----
Spellcasting   | 3 4 5 6 8 10 11 12 | 12.3
Stealth        | 2 3 4 |  4.8
Dodging        | 3 4 |  4.9
Fighting       | 1 2 3 |  3.5
Long Blades    | 2 3 |  3.4
Shields        | 3 |  3.9
Invocations    | 2 |  2.3

Action                   |  1- 3 |  4- 6 |  7- 9 | 10-12 || total
-------------------------+-------+-------+-------+-------++-------
Melee: Staff             |     3 |     3 |     1 |       ||     7
       Scimitar          |       |       |     7 |    25 ||    32
 Cast: Foxfire           |    50 |    48 |   181 |   182 ||   461
       Conjure Flame     |     1 |     1 |     1 |     3 ||     6
       Sandblast         |       |    20 |    13 |    32 ||    65
       Inner Flame       |       |     3 |       |       ||     3
       Sticky Flame      |       |     6 |    13 |    21 ||    40
       Fireball          |       |       |    15 |    17 ||    32
       Ignite Poison     |       |       |       |     2 ||     2
       Ensorcelled Hiber |       |       |       |     2 ||     2
       Cause Fear        |       |       |       |     4 ||     4
Invok: Lesser Healing    |       |       |     2 |     9 ||    11
       Greater Healing   |       |       |       |     1 ||     1
  Use: Scroll            |     3 |       |     9 |     6 ||    18
 Stab: Sleeping          |       |       |       |     1 ||     1
Armor: Robe              |     2 |     5 |     3 |       ||    10
       Steam dragon scal |       |       |     2 |    20 ||    22
Dodge: Dodged            |    13 |    14 |    33 |    24 ||    84
Block: Kite shield       |       |       |       |    29 ||    29
       Rpst.: Scimitar   |       |       |     5 |     2 ||     7
       Falchion          |       |       |       |     3 ||     3

Table legend: (Time is in decaauts)
 A = Elapsed time spent in this place.
 B = Non-inter-level travel time spent in this place.
 C = Inter-level travel time spent in this place.
 D = Time resting spent in this place.
 E = Time spent auto-exploring this place.
 F = Levels seen in this place.
 G = Mean time per level.
                   A        B        C        D        E       F      G
               +--------+--------+--------+--------+--------+-----+--------+
         Total |  14378 |  14104 |    274 |    534 |  11729 |  12 | 1198.2 |
       Dungeon |  13561 |  13287 |    274 |    534 |  11101 |  11 | 1232.8 |
        Bailey |    816 |    816 |      0 |      0 |    628 |   1 |  816.0 |
               +--------+--------+--------+--------+--------+-----+--------+

Top non-repeatable levels by time:
     D:9: 2317 daAuts
     D:3: 1699 daAuts
    D:10: 1629 daAuts
     D:6: 1404 daAuts
     D:7: 1301 daAuts
     D:4: 1185 daAuts
     D:8: 1023 daAuts
     D:2: 1014 daAuts
     D:1: 910 daAuts
     D:5: 888 daAuts
  Bailey: 816 daAuts
    D:11: 187 daAuts
